 Dungeon Crawl Stone Soup version 0.31.0-11-ge490571c62 (webtiles) character file.

Game seed: 2037907827216065947

686 qw the Skirmisher (level 7, -1/40 HPs)
             Began as a Deep Elf Hunter on Feb 4, 2024.
             Slain by an ogre
             ... wielding a +0 giant club
              (19 damage)
             ... on level 5 of the Dungeon.
             The game lasted 00:00:15 (2810 turns).

qw the Skirmisher (Deep Elf Hunter)                 Turns: 2810, Time: 00:00:16

Health: -1/40      AC: 13    Str:  9    XL:     7   Next: 35%
Magic:  9/9        EV:  9    Int: 18    God:
Gold:   218        SH:  5    Dex: 17    Spells: 6/6 levels left

rFire   + . .        q - +0 hand cannon
rCold   . . .        (no shield)
rNeg    . . .        c - +2 scale mail {rF+}
rPois   +            (no helmet)
rElec   .            i - +0 cloak
rCorr   .            (no gloves)
SInv    +            (no boots)
Will    .....        d - amulet of reflection
Stlth   +            r - ring of see invisible
HPRegen 0.26/turn    b - +4 ring of protection
MPRegen 0.11/turn

%: reflection
@: no status effects
A: clever 1, poison resistance
a: no special abilities


You were on level 5 of the Dungeon.
You visited 1 branch of the dungeon, and saw 5 of its levels.

You collected 218 gold pieces.


Innate Abilities, Weirdness & Mutations

Your mind is acute. (Int +4, Str/Dex -1)
Your system is resistant to poisons. (rPois)


   Skills:
 - Level 2.5 Fighting
 + Level 10.8 Ranged Weapons
 - Level 1.5 Armour
 - Level 3.0 Dodging
 - Level 1.2 Stealth


You had 6 spell levels left.
You didn't know any spells.
Your spell library was empty.

Inventory:

Hand Weapons
 q - a +0 hand cannon (weapon)
Armour
 c - a +2 scale mail of fire resistance (worn)
 i - a +0 cloak (worn)
Jewellery
 b - a +4 ring of protection (right hand)
 d - an amulet of reflection (around neck)
 h - a ring of ice
 r - a ring of see invisible (left hand)
 Y - the ring of Lilacs {Wiz rPois rN+ Str+3}
   (You acquired it on level 1 of the Dungeon)

   [ring of wizardry]

   Wiz:       It improves your spell success rate.
   Str+3:     It affects your strength (+3).
   rPois:     It protects you from poison rN+: It protects you from negative
   energy.
Wands
 l - a wand of polymorph (12)
Potions
 a - a potion of haste
 n - 2 potions of mutation
 s - a potion of might

Dungeon Overview and Level Annotations

Branches:
Dungeon (5/15)
 Temple: D:4-7

Altars:
Ashenzari

Shops:
D:1 (   D:2 :   D:3 [


Message History

2760 ||| READING scroll labelled GOMAAH NAIMEMI.
Blink to where?
Press: ? - help, Dir - move target, f - you
As you read the scroll labelled GOMAAH NAIMEMI, it crumbles to dust.
It was a scroll of blinking.
Done exploring.
2761 ||| READING scroll labelled XATTOI ESAFRAPAUB.
As you read the scroll labelled XATTOI ESAFRAPAUB, it dissolves into smoke.
It was a scroll of fog.
Done exploring.
2762 ||| DROPPING potion of brilliance.
You drop a potion of brilliance.
Done exploring.
What level of the Dungeon? (default 4, ? - help)
There is a stone staircase leading down here.
You climb downwards.
The ogre shouts!
Found a glaive.
Found an escape hatch in the floor.
There is a stone staircase leading up here.
There are monsters nearby!
Waypoint 4 assigned to D:5.
You shoot a bolt. The bolt barely misses the ogre.
You shoot a bolt. The bolt hits the ogre!
The ogre is heavily wounded.
You shoot a bolt. The bolt hits the ogre!!
You kill the ogre!
Your Armour skill increases to level 1!
You shoot a bolt. The bolt hits the ogre.
The ogre is lightly wounded.
You shoot a bolt. The bolt hits the ogre!
The ogre is severely wounded.
The ogre barely misses you. The ogre closely misses you.
You shoot a bolt. The bolt hits the ogre.
The ogre is severely wounded.
You block the ogre's attack.
You shoot a bolt. The bolt barely misses the ogre.
The ogre hits you with a +0 giant club!!
Ouch! That really hurt!
You shoot a bolt. The bolt hits the ogre.
The ogre is almost dead.
The ogre hits you with a +0 giant club!!
You die...

# .. ... ....
.....
###+###..)...
#...0@...#
#....O0......
#.........###
#.........#
#.........#
#.........#
#>.........
...).####.#.


You could see an ogre.

Vanquished Creatures
  Sigmund (D:2)
  2 ogres
  A centaur (D:2)
  A scorpion (D:4)
  A jelly (D:4)
  Jessica (D:2)
  Natasha (D:2)
  5 adders
  A dart slug (D:2)
  2 ribbon worms (D:2)
  11 orcs
  8 ball pythons
  7 endoplasms
  4 giant cockroaches
  9 goblins
  4 hobgoblins
  2 jackals (D:3)
  7 kobolds
  4 quokkas
  6 bats
  2 frilled lizards (D:1)
  4 rats
84 creatures vanquished.

Notes
Turn   | Place    | Note
-------+----------+-------------------------------------------
     0 | D:1      | qw the Deep Elf Hunter began the quest for the Orb.
     0 | D:1      | Reached XP level 1. HP: 12/12 MP: 3/3
     0 | D:1      | 0 ||| qw: Version: 0.3-a-160-g6735b56
     0 | D:1      | 0 ||| qw: Game counter: 4471
     0 | D:1      | 0 ||| qw: Melee chars always use a shield: true
     0 | D:1      | 0 ||| qw: God list: Okawaru
     0 | D:1      | 0 ||| qw: Allow faded altars: false
     0 | D:1      | 0 ||| qw: Do Orc after clearing Dungeon:15 true
     0 | D:1      | 0 ||| qw: Do second Lair branch before Depths: true
     0 | D:1      | 0 ||| qw: Lair rune preference: random
     0 | D:1      | 0 ||| qw: Goals: Normal
     0 | D:1      | 0 ||| PLANNING D:1-11
    83 | D:1      | Reached XP level 2. HP: 16/16 MP: 4/4
   104 | D:1      | Reached skill level 6 in Ranged Weapons
   220 | D:1      | Found Xyusehiy's Antique Weapon Shoppe.
   381 | D:1      | 381 ||| UPGRADING to +0 cloak.
   386 | D:1      | 386 ||| UPGRADING to amulet of reflection.
   391 | D:1      | 391 ||| READING scroll labelled ALEKEI BITUSE.
   391 | D:1      | 391 ||| IDENTIFYING green potion
   392 | D:1      | 392 ||| READING scroll labelled KUISHRACR NYFYPH.
   392 | D:1      | 392 ||| ENCHANTING +0 shortbow.
   393 | D:1      | 393 ||| READING scroll labelled LEASTR WAISOEF.
   393 | D:1      | Identified a scroll of acquirement
   393 | D:1      | 393 ||| ACQUIRING ring of Lilacs {Wiz rPois rN+ Str+3}
   393 | D:1      | Acquired the ring of Lilacs {Wiz rPois rN+ Str+3}
   395 | D:1      | 395 ||| UPGRADING to ring of Lilacs {Wiz rPois rN+ Str+3}.
   396 | D:1      | 396 ||| DROPPING scroll of butterflies.
   397 | D:1      | 397 ||| DROPPING potion of attraction.
   414 | D:2      | 414 ||| STAIRDANCE
   440 | D:2      | Found Jontyr's Book Emporium.
   448 | D:2      | Reached XP level 3. HP: 19/20 MP: 5/5
   516 | D:2      | Reached skill level 7 in Ranged Weapons
   558 | D:2      | Noticed Sigmund
   560 | D:2      | 560 ||| DRINKING glowing pink potion.
   571 | D:2      | Killed Sigmund
   572 | D:2      | Reached skill level 9 in Ranged Weapons
   572 | D:2      | Reached XP level 4. HP: 24/25 MP: 6/6
   572 | D:2      | Reached XP level 5. HP: 28/29 MP: 7/7
   579 | D:2      | Noticed Jessica
   581 | D:2      | Killed Jessica
   582 | D:2      | Reached skill level 3 in Dodging
   839 | D:2      | 839 ||| UPGRADING to +0 robe of fire resistance.
   849 | D:2      | 849 ||| UPGRADING to +4 ring of protection.
   882 | D:3      | Noticed Natasha
   882 | D:3      | Noticed a centaur
   883 | D:3      | 883 ||| STAIRDANCE
   894 | D:2      | Killed a centaur
   895 | D:2      | Reached XP level 6. HP: 26/36 MP: 8/8
   933 | D:3      | 933 ||| STAIRDANCE
   952 | D:3      | 952 ||| STAIRDANCE
   960 | D:2      | Killed Natasha
  1120 | D:3      | Found Bavyqufi's Armour Boutique.
  1137 | D:3      | 1137 ||| SWAPPING to +0 hand cannon.
  1138 | D:3      | 1138 ||| DROPPING +1 shortbow.
  1161 | D:3      | 1161 ||| SHOPLISTING +2 robe "Jaofof" {rC- rN+ MP+9 Dex+6}
                  | (556 gold, have 158).
  1161 | D:3      | 1161 ||| SHOPLISTING +3 pair of mountain boots {steadfast,
                  | rC+} (402 gold, have 158).
  1330 | D:3      | Identified the +7 spear "Trog's Righteous Fury" {vamp, rC-
                  | Int+9 Stlth+}
  1380 | D:3      | Found a broken altar of Ashenzari.
  1493 | D:3      | 1493 ||| DROPPING +0 leather armour.
  1494 | D:3      | 1494 ||| UPGRADING to +3 leather armour.
  1504 | D:3      | 1504 ||| READING 2 scrolls of identify.
  1504 | D:3      | 1504 ||| IDENTIFYING fuming green potion
  1505 | D:3      | 1505 ||| READING scroll of identify.
  1505 | D:3      | 1505 ||| IDENTIFYING metallic inky potion
  1506 | D:3      | 1506 ||| READING scroll labelled DENUFE QYEC.
  1562 | D:3      | 1562 ||| READING scroll labelled LERYFI IDISCH.
  1563 | D:3      | 1563 ||| READING scroll labelled LUTSAC SEOSI.
  1564 | D:3      | 1564 ||| READING scroll labelled ELIYC UPLOZELI.
  1565 | D:3      | 1565 ||| DRINKING 2 white potions.
  1565 | D:3      | Gained mutation: Your mind is acute. (Int +4, Str/Dex -1)
                  | [potion of mutation]
  1565 | D:3      | Gained mutation: Your system is resistant to poisons.
                  | (rPois) [potion of mutation]
  1566 | D:3      | 1566 ||| DRINKING 2 fizzy white potions.
  1567 | D:3      | 1567 ||| DROPPING potion of lignification.
  1687 | D:4      | Reached skill level 10 in Ranged Weapons
  2329 | D:4      | Reached XP level 7. HP: 39/40 MP: 9/9
  2744 | D:4      | 2744 ||| UPGRADING to +2 scale mail of fire resistance.
  2754 | D:4      | 2754 ||| DROPPING +0 robe of fire resistance.
  2755 | D:4      | 2755 ||| DROPPING +3 leather armour.
  2756 | D:4      | 2756 ||| DROPPING ring of flight.
  2757 | D:4      | 2757 ||| UPGRADING to ring of see invisible.
  2759 | D:4      | 2759 ||| READING scroll of identify.
  2759 | D:4      | 2759 ||| IDENTIFYING smoky black potion
  2760 | D:4      | 2760 ||| READING scroll labelled GOMAAH NAIMEMI.
  2761 | D:4      | 2761 ||| READING scroll labelled XATTOI ESAFRAPAUB.
  2762 | D:4      | 2762 ||| DROPPING potion of brilliance.
  2802 | D:5      | Entered Level 5 of the Dungeon
  2806 | D:5      | Reached skill level 1 in Armour
  2810 | D:5      | Slain by an ogre

Levels and vault maps discovered:
D:1:      lightli_arrival_noodles, layout_rooms, serial_shops,
          nicolae_shop_crystal
D:2:      layout_rooms, serial_shops, shop, kennysheep_decorative_pillar,
          uniq_jessica, uniq_sigmund
D:3:      layout_rooms, mainiacjoe_overflow_cross_hatched, serial_shops, shop,
          uniq_natasha
D:4:      layout_layer_cave
D:5:      layout_gridville, old_standard_altar, elyvilon_altar_4,
          nicolae_twisty_statue_hallways

Skill      XL: |  1  2  3  4  5  6  7 |
---------------+----------------------+-----
Ranged Weapons | 6 9 10 | 10.8
Dodging        | 3 |  3.0
Fighting       | 2 |  2.5
Armour         | 1 |  1.5
Stealth        | |  1.2

Action                     |  1- 3 |  4- 6 |  7- 9 || total
---------------------------+-------+-------+-------++-------
   Fire: Shortbow          |    81 |    75 |       ||   156
         Hand cannon       |       |    62 |    14 ||    76
    Use: Scroll            |     3 |     6 |     3 ||    12
         Potion            |     1 |     2 |       ||     3
 Armour: Leather armour    |    11 |    10 |       ||    21
         Robe              |       |    24 |       ||    24
         Scale mail        |       |       |     2 ||     2
  Dodge: Dodged            |    27 |    51 |     4 ||    82
  Block: Other             |     3 |    11 |     1 ||    15
         Reflection        |     1 |       |       ||     1

Table legend:
 A = Non-vault XP
 B = Vault XP
 C = Vault XP percentage of total XP
 D = Non-vault monster count
 E = Vault monster count
 F = Vault count percentage of total count
                 A         B        C        D         E       F
            +---------+---------+-------+---------+---------+-------
      Total |     682 |     299 |  30.5 |      81 |       3 |   3.6
            +---------+---------+-------+---------+---------+-------
        D:1 |      28 |       0 |   0.0 |      18 |       0 |   0.0
        D:2 |     176 |     299 |  62.9 |      24 |       3 |  11.1
        D:3 |      29 |       0 |   0.0 |      15 |       0 |   0.0
        D:4 |     328 |       0 |   0.0 |      23 |       0 |   0.0
        D:5 |     121 |       0 |   0.0 |       1 |       0 |   0.0
            +---------+---------+-------+---------+---------+-------
